 Dungeon Crawl Stone Soup version 0.22-a0-284-g99d1f74 (webtiles) character file.

74834 Amnesiac the Eclecticist (level 15, -15/103 HPs)
             Began as a Deep Elf Wizard on Mar 21, 2018.
             Was a High Priest of Sif Muna.
             Demolished by Cigotuvi's Monster (22 damage)
             ... in a wizard's laboratory.
             The game lasted 01:16:05 (30940 turns).

Amnesiac the Eclecticist (Deep Elf Wizard)         Turns: 30940, Time: 01:16:06

Health: -15/103    AC: 10    Str:  3 (4)  XL:     15   Next: 8%
Magic:  28/37      EV: 16    Int: 30      God:    Sif Muna [*****.]
Gold:   437        SH:  0    Dex: 13      Spells: 2/47 levels left

rFire    + . .     SeeInvis .   f - staff of wizardry
rCold    + + .     Gourm    .   (no shield)
rNeg     . . .     Faith    .   C - +2 robe {rC+ rF+}
rPois    .         Spirit   .   L - +0 helmet
rElec    .         Reflect  .   r - +2 cloak {+Inv}
rCorr    +         Harm     .   p - +0 pair of gloves
MR       +....                  z - +0 pair of boots
Stlth    ++........             H - amulet of magic regeneration
HPRegen  0.27/turn              c - ring of resist corrosion
MPRegen  0.50/turn              x - ring of protection from cold

@: constricted, divine energy, deflect missiles
A: robust 1
a: Stop Divine Energy, Channel Magic, Forget Spell, Renounce Religion, Evoke
Invisibility


You were in a wizard's laboratory.
You worshipped Sif Muna.
Sif Muna was extremely pleased with you.
You were not hungry.

You visited 5 branches of the dungeon, and saw 20 of its levels.
You also visited: Ossuary and Wizlab.

You collected 2440 gold pieces.
You spent 2003 gold pieces at shops.

Inventory:

Hand Weapons
 b - a +5 long sword of electrocution
Armour
 p - a +0 pair of gloves (worn)
 r - a +2 cloak of invisibility (worn)
 z - a +0 pair of boots (worn)
 C - a +2 robe of resistance (worn)
 L - a +0 helmet (worn)
Magical Staves
 a - an uncursed staff of air
 f - an uncursed staff of wizardry (weapon)
Jewellery
 c - a ring of resist corrosion (left hand)
 x - a ring of protection from cold (right hand)
 H - an amulet of magic regeneration (around neck)
Wands
 n - a wand of polymorph (16)
 t - a wand of disintegration (13)
 B - a wand of flame (29)
 E - a wand of random effects (20)
 O - a wand of paralysis (9)
Scrolls
 i - 5 scrolls of teleportation {!r}
 l - 3 scrolls of fog {!r}
 m - 6 scrolls of remove curse {!r}
 q - 9 scrolls of identify {!r}
 u - a scroll of magic mapping {!r}
 y - 4 scrolls of amnesia {!r}
 G - 2 scrolls of enchant weapon {!r}
 M - a scroll of enchant armour {!r}
Potions
 h - a potion of mutation {!q}
 v - a potion of agility {!q}
 w - a potion of haste {!q}
 A - 3 potions of flight {!q}
 N - a potion of might {!q}
Comestibles
 d - 41 rations


   Skills:
 - Level 11.0 Fighting
 - Level 11.0 Dodging
 - Level 2.4 Stealth
 - Level 16.5 Spellcasting
 - Level 13.5 Conjurations
 - Level 1.1 Summonings
 * Level 3.4 Translocations
 - Level 13.6 Air Magic
 - Level 8.1 Invocations


You had 2 spell levels left.
You knew the following spells:

 Your Spells              Type           Power        Failure   Level  Hunger
a - Airstrike             Air            #######...   1%          4    None
b - Call Imp              Summ           ####....     1%          2    None
c - Confuse               Hex            ###.....     2%          3    None
d - Lightning Bolt        Conj/Air       #######...   1%          5    None
e - Mephitic Cloud        Conj/Pois/Air  ######..     1%          3    None
f - Dazzling Spray        Conj/Hex       ######       1%          3    None
g - Deflect Missiles      Chrm/Air       ######....   7%          6    ##.....
h - Passage of Golubria   Tloc           N/A          1%          4    None
r - Regeneration          Chrm/Necr      ###.......   2%          3    None
s - Conjure Flame         Conj/Fire      ######..     1%          3    None
v - Blink                 Tloc           N/A          1%          2    None
w - Force Lance           Conj/Tloc      ######..     1%          4    None
z - Ozocubu's Armour      Chrm/Ice       ###.....     2%          3    None


Dungeon Overview and Level Annotations

Branches:
Dungeon (10/15)            Temple (1/1) D:6            Lair (6/6) D:8
  Swamp (0/4) Lair:3       Spider (0/4) Lair:3        Slime (0/5) Lair:6
    Orc (2/2) D:9             Elf (1/3) Orc:2

Altars:
Ashenzari
Cheibriados
Dithmenos
Elyvilon
Fedhas
Gozag
Hepliaklqana
Kikubaaqudgha
Makhleb
Nemelex Xobeh
Okawaru
Qazlal
Ru
Sif Muna
Trog
Uskayaw
Vehumet
Wu Jian
Xom
Yredelemnul
Zin
The Shining One
Beogh

Shops:
D:4 *   D:5 (   Orc:2 [%(}


Innate Abilities, Weirdness & Mutations

You are robust. (+10% HP)


Message History

The large abomination is moderately damaged.
Casting: Lightning Bolt (safe; 1% risk of failure)
Confirm with . or Enter, or press ? or * to list all spells.
Aiming: Lightning Bolt (safe; 1% risk of failure)
Press: ? - help, Shift-Dir - straight line You hear a mighty clap of thunder!
The bolt of lightning hits the large abomination.
The large abomination is heavily damaged.
The bolt of lightning hits the large abomination.
You destroy the large abomination!
Sif Muna accepts your kill.
You hear a shout!
You hear a bleat!
You start resting.
Magic restored.
You part the fleshy orifice.
Cigotuvi's Monster trumpets!
Cigotuvi's Monster is too close now for your liking.
Casting: Lightning Bolt (safe; 1% risk of failure)
Confirm with . or Enter, or press ? or * to list all spells.
Aiming: Lightning Bolt (safe; 1% risk of failure)
Press: ? - help, Shift-Dir - straight line, f - Cigotuvi's Monster
Aim: Cigotuvi's Monster
Okay, then.
Press: ? - help, v - describe, . - travel
Here: Cigotuvi's Monster The pulsating floor.
Casting: Lightning Bolt (safe; 1% risk of failure)
Confirm with . or Enter, or press ? or * to list all spells.
Aiming: Lightning Bolt (safe; 1% risk of failure)
Press: ? - help, Shift-Dir - straight line You hear a mighty clap of thunder!
The bolt of lightning hits Cigotuvi's Monster.
Cigotuvi's Monster appears unharmed.
The bolt of lightning hits Cigotuvi's Monster.
Cigotuvi's Monster is lightly wounded.
You hear a shout!
You hear a deafening roar!
You hear an angry hiss. x2
You hear a shout!
You hear a horrible gurgling sound! x3; You hear a shout!
Cigotuvi's Monster closely misses you. Cigotuvi's Monster tramples you!
You hold your ground!
Cigotuvi's Monster completely misses you.
Cigotuvi's Monster misses you.
Casting: Lightning Bolt (safe; 1% risk of failure)
Confirm with . or Enter, or press ? or * to list all spells.
Aiming: Lightning Bolt (safe; 1% risk of failure)
Press: ? - help, Shift-Dir - straight line You hear a mighty clap of thunder!
The bolt of lightning hits Cigotuvi's Monster.
Cigotuvi's Monster is moderately wounded.
The bolt of lightning hits Cigotuvi's Monster.
Cigotuvi's Monster is heavily wounded.
You hear a horrible gurgling sound!
Cigotuvi's Monster misses you. Cigotuvi's Monster tramples you!
You hold your ground!
Cigotuvi's Monster stings you. Cigotuvi's Monster grabs you.
* * * LOW HITPOINT WARNING * * *
Cigotuvi's Monster constricts you!!
Cigotuvi's Monster's grasp on you weakens, but your attempt to escape fails.
Cigotuvi's Monster hits you!
* * * LOW HITPOINT WARNING * * *
Cigotuvi's Monster tramples you!
* * * LOW HITPOINT WARNING * * *
You hold your ground!
Cigotuvi's Monster stings you!
* * * LOW HITPOINT WARNING * * *
You die...

+...## ##..### #...#
####.# ###'##
####..#
####...####....e#
####.........#....p#
#......###...##..###
#...#### ##'######§#
##.H.# #...# ##§§#
##.@.# #......##§§§#
#..####........##§.§
#..# #......X..#####
#..##.X........# ###
#..##..........###..
#..#...........##...
#..#.#.#.#.#.###.§§.
#..# ##..§.
#..############...§.


You could see Cigotuvi's Monster.

Vanquished Creatures
  2 very ugly things (WizLab)
  The ghost of braks the Nimble, a journeyman DrAr of Wu Jian (Lair:6)
  A deep elf annihilator (Orc:2)
  2 entropy weavers (Lair:5)
  7 hydras
  The ghost of Fingolfin the Tainter, a journeyman NaWz of Sif Muna (D:10)
  6 catoblepae
  5 two-headed ogres
  A queen ant (Lair:5)
  4 orc high priests (Orc:2)
  10 death yaks
  Nergalle (Lair:2)
  An iron golem (WizLab)
  The ghost of grindst0ne the Geomancer, a novice DEEE of Vehumet (D:7)
  4 orc knights (Orc:2)
  4 large abominations (WizLab)
  Pikel (D:4)
  The ghost of Klosterheim the Tainter, a novice NaVM (D:5)
  A lindwurm (Lair:4)
  5 orc sorcerers
  2 manticores (Lair:6)
  2 ugly things (WizLab)
  A black mamba (Lair:4)
  12 elephants
  15 spiny frogs
  A rime drake (Lair:6)
  6 komodo dragons
  2 polar bears
  2 jumping spiders (Lair:3)
  3 trolls (Orc:1)
  6 hippogriffs
  12 blink frogs
  A slime creature (shapeshifter) (WizLab)
  Sigmund (D:3)
  A spriggan (D:9)
  38 yaks
  2 redbacks (Lair:3)
  A spriggan (shapeshifter) (WizLab)
  2 wraiths (D:9)
  A yak (shapeshifter) (WizLab)
  Grum (D:9)
  A hungry ghost (D:7)
  A basilisk (Lair:6)
  2 steam dragons
  Menkaure (D:6)
  5 soldier ants (Lair:5)
  A warg (Orc:2)
  10 water moccasins
  26 orc warriors
  13 porcupines
  6 ice beasts
  5 sky beasts
  4 slaves (D:4)
  A phantom (D:10)
  12 ogres
  23 wolves
  8 centaurs
  9 crocodiles
  6 small abominations (WizLab)
  2 big kobolds (D:7)
  An elf zombie (Ossuary)
  17 bullfrogs
  A scorpion (D:7)
  8 killer bees
  4 wights (D:8)
  A vampire bat (D:10)
  A howler monkey (D:6)
  3 electric eels
  2 crimson imps
  2 human zombies (Ossuary)
  3 hounds
  8 jellies
  14 orc priests
  A bullfrog skeleton (D:7)
  A centaur skeleton (D:8)
  28 orc wizards
  Crazy Yiuf (D:7)
  An iguana (D:8)
  12 worker ants
  2 hell rats (D:8)
  A killer bee zombie (D:7)
  2 big kobold zombies (Ossuary)
  A hound skeleton (D:5)
  4 mummies (Ossuary)
  16 adders
  A river rat (D:8)
  2 shadow imps
  2 oozes
  An adder skeleton (D:4)
  2 adder zombies (Ossuary)
  3 worms
  2 dart slugs
  5 leopard geckos
  93 orcs
  3 ball pythons
  5 giant cockroaches
  2 gnoll zombies (Ossuary)
  6 goblins
  15 hobgoblins
  3 jackals (D:4)
  13 kobolds
  6 quokkas
  12 bats
  2 frilled lizards
  A goblin zombie (Ossuary)
  A jackal zombie (Ossuary)
  A leopard gecko skeleton (D:8)
  An orc zombie (Ossuary)
  4 rats
  3 fungi
631 creatures vanquished.

Vanquished Creatures (collateral kills)
  A mummy (D:7)
1 creature vanquished.

Vanquished Creatures (others)
  An elephant (Lair:6)
  An orc priest (Orc:2)
  An orc wizard (Orc:2)
  2 orcs
  20 fungi
  30 plants
55 creatures vanquished.

Grand Total: 687 creatures vanquished

Notes
Turn   | Place    | Note
-------+----------+-------------------------------------------
     0 | D:1      | Amnesiac the Deep Elf Wizard began the quest for the Orb.
     0 | D:1      | Reached XP level 1. HP: 10/10 MP: 7/7
   279 | D:1      | Reached XP level 2. HP: 15/15 MP: 2/9
   283 | D:1      | Learned a level 2 spell: Blink
   286 | D:1      | Learned a level 2 spell: Call Imp
  1098 | D:2      | Noticed a hand axe
  1104 | D:2      | Noticed a dagger
  1111 | D:2      | Found a faded altar of an unknown god.
  1119 | D:2      | Reached XP level 3. HP: 19/19 MP: 0/11
  1196 | D:2      | Learned a level 3 spell: Conjure Flame
  1200 | D:2      | Learned a level 3 spell: Mephitic Cloud
  1315 | D:2      | Found a hide-covered altar of Uskayaw.
  1650 | D:3      | Found an opulent altar of Gozag.
  1701 | D:3      | Reached XP level 4. HP: 24/24 MP: 5/12
  1998 | D:3      | Found a bloodstained altar of Trog.
  2071 | D:3      | Found a white marble altar of Elyvilon.
  2132 | D:3      | Noticed Sigmund
  2259 | D:3      | Killed Sigmund
  2259 | D:3      | Reached XP level 5. HP: 26/28 MP: 1/13
  2500 | D:4      | Found a burning altar of Makhleb.
  2505 | D:4      | Reached XP level 6. HP: 33/33 MP: 8/15
  2510 | D:4      | Learned a level 3 spell: Dazzling Spray
  2597 | D:4      | Found Auedirph's Alliterative Accessories.
  2602 | D:4      | Noticed a slave
  2604 | D:4      | Noticed a slave
  2626 | D:4      | Killed a slave
  2690 | D:4      | Noticed a slave
  2691 | D:4      | Noticed a slave
  2706 | D:4      | Killed a slave
  2736 | D:4      | Noticed Pikel
  3156 | D:4      | Reached skill level 1 in Fighting
  3350 | D:4      | Killed a slave
  3481 | D:4      | Killed a slave
  3591 | D:4      | Killed Pikel
  3591 | D:4      | Reached skill level 6 in Spellcasting
  3591 | D:4      | Reached XP level 7. HP: 42/42 MP: 4/18
  3705 | D:5      | Entered Level 5 of the Dungeon
  3752 | D:5      | Noticed Klosterheim's ghost (novice NaVM)
  3763 | D:5      | Killed Klosterheim's ghost
  3763 | D:5      | Reached skill level 5 in Dodging
  3763 | D:5      | Reached XP level 8. HP: 28/48 MP: 9/19
  3915 | D:5      | Found a shimmering altar of Xom.
  4141 | D:5      | Reached skill level 5 in Fighting
  4288 | D:5      | Found Ruwnist's Weapon Shop.
  4613 | D:6      | Found a staircase to the Ecumenical Temple.
  5029 | Temple   | Entered the Ecumenical Temple
  5238 | D:6      | Noticed Menkaure
  6317 | D:6      | Reached XP level 9. HP: 34/56 MP: 6/20
  6905 | D:7      | Found a runed door.
  6909 | D:7      | Noticed Crazy Yiuf
  6914 | D:7      | Killed Crazy Yiuf
  6969 | D:7      | Noticed grindst0ne's ghost (novice DEEE)
  7120 | D:7      | HP: 2/57 [ogre/giant club (20)]
  7438 | D:7      | Found a sand-covered staircase.
  7448 | Ossuary  | Entered an ossuary
  8037 | D:7      | Found a radiant altar of Vehumet.
  8417 | D:7      | Killed grindst0ne's ghost
  8511 | D:7      | Reached XP level 10. HP: 52/65 MP: 2/21
  9201 | D:6      | Killed Menkaure
  9223 | D:8      | Got a distressingly furry robe
  9234 | D:8      | Identified the +1 robe "Sayxzual" {*Corrode rPois rF+ Dex+4} (You found it on level 8 of the Dungeon)
  9337 | D:8      | Noticed a death yak
  9349 | D:8      | Killed a death yak
  9352 | D:8      | Noticed a death yak
  9352 | D:8      | Noticed a death yak
  9361 | D:8      | Killed a death yak
  9574 | D:8      | Reached skill level 10 in Dodging
  9632 | D:8      | Reached skill level 10 in Fighting
  9846 | D:8      | Found a staircase to the Lair.
 10043 | D:8      | Learned a level 3 spell: Confuse
 10679 | D:8      | Killed a death yak
 11059 | D:9      | Noticed Grum
 11062 | D:9      | Reached XP level 11. HP: 64/73 MP: 2/22
 11210 | D:9      | Found a blossoming altar of Fedhas.
 11246 | D:9      | Killed Grum
 11383 | D:9      | Found a deep blue altar of Sif Muna.
 11391 | D:9      | Became a worshipper of Sif Muna the Loreminder
 11432 | D:9      | Found a sparkling altar of Nemelex Xobeh.
 11435 | D:9      | Found a glowing silver altar of Zin.
 11436 | D:9      | Found a shadowy altar of Dithmenos.
 11767 | D:9      | Found a staircase to the Orcish Mines.
 12120 | D:9      | Noticed a two-headed ogre
 12132 | D:9      | Killed a two-headed ogre
 12132 | D:9      | Reached skill level 7 in Spellcasting
 12608 | D:10     | Entered Level 10 of the Dungeon
 12667 | D:10     | Noticed a two-headed ogre
 12676 | D:10     | Killed a two-headed ogre
 12676 | D:10     | Reached * piety under Sif Muna
 12802 | D:10     | Noticed Fingolfin's ghost (journeyman NaWz)
 12820 | D:10     | Killed Fingolfin's ghost
 12820 | D:10     | Reached skill level 8 in Spellcasting
 13483 | D:10     | Reached ** piety under Sif Muna
 13555 | D:10     | Noticed a two-headed ogre
 13566 | D:10     | Killed a two-headed ogre
 13566 | D:10     | Reached skill level 9 in Spellcasting
 13614 | D:10     | Noticed a two-headed ogre
 13619 | D:10     | Killed a two-headed ogre
 13619 | D:10     | Reached skill level 10 in Conjurations
 13825 | D:10     | Reached skill level 10 in Spellcasting
 14412 | Orc:1    | Entered Level 1 of the Orcish Mines
 14414 | Orc:1    | Noticed an orc sorcerer
 14419 | Orc:1    | Paralysed by an orc sorcerer for 6 turns
 14433 | D:9      | Killed an orc sorcerer
 14433 | D:9      | Reached *** piety under Sif Muna
 14433 | D:9      | Reached XP level 12. HP: 51/79 MP: 1/28
 14894 | Orc:1    | Paralysed by an orc sorcerer for 3 turns
 15425 | Orc:2    | Entered Level 2 of the Orcish Mines
 16054 | Orc:2    | Reached skill level 11 in Spellcasting
 16277 | Orc:2    | HP: 3/79 [orc priest/nerve-wracking pain (13)]
 16628 | Orc:2    | Reached **** piety under Sif Muna
 17479 | Orc:1    | Noticed a two-headed ogre
 17546 | Orc:2    | Killed a two-headed ogre
 17767 | Orc:2    | Noticed an orc high priest
 17774 | Orc:2    | Killed an orc high priest
 17801 | Orc:2    | Noticed an orc high priest
 17827 | Orc:2    | Killed an orc high priest
 18226 | Orc:2    | Gained mutation: You are robust. (+10% HP) [a neqoxec]
 18244 | Orc:2    | Reached skill level 12 in Spellcasting
 18406 | Orc:2    | Noticed an orc high priest
 18472 | Orc:2    | Reached ***** piety under Sif Muna
 18607 | Orc:2    | Identified Sif Muna's Reference Book on Ghastly Envenoming (Sif Muna gifted it to you on level 2 of the Orcish Mines)
 18607 | Orc:2    | Received a gift from Sif Muna
 18844 | Orc:2    | Killed an orc high priest
 18861 | Orc:2    | Found Eczica's Antique Armour Shoppe.
 18861 | Orc:2    | Found Zeweusak's Food Boutique.
 18892 | Orc:2    | Found Ageycsin's Weapon Shoppe.
 18892 | Orc:2    | Found Vezxebil's Gadget Boutique.
 18933 | Orc:2    | Found a staircase to the Elven Halls.
 19173 | Orc:2    | Noticed an orc high priest
 19248 | Orc:2    | Killed an orc high priest
 19445 | Orc:2    | Found a roughly hewn altar of Beogh.
 19684 | D:4      | Bought a manual of Air Magic for 1214 gold pieces
 19684 | D:4      | Bought a book of Air for 385 gold pieces
 19798 | Lair:1   | Entered Level 1 of the Lair of Beasts
 19955 | Lair:1   | Learned a level 5 spell: Lightning Bolt
 19960 | Lair:1   | Learned a level 4 spell: Airstrike
 20047 | D:8      | Reached skill level 1 in Air Magic
 20481 | Lair:1   | Reached XP level 13. HP: 50/92 MP: 4/31
 20871 | Lair:1   | Got a pair of steaming gloves
 20947 | Lair:1   | Identified the +1 pair of gloves "Gaul" {rPois Str+5 Int-5 Dex+3} (You found it on level 1 of the Lair of Beasts)
 21119 | D:4      | Bought an uncursed staff of air for 275 gold pieces
 21397 | Lair:1   | Reached skill level 5 in Air Magic
 22323 | Lair:2   | Noticed Nergalle
 22339 | Lair:2   | Killed Nergalle
 22683 | Lair:3   | Found a staircase to the Swamp.
 23245 | Lair:3   | Received a gift from Sif Muna
 23298 | Lair:3   | Learned a level 3 spell: Ozocubu's Armour
 23305 | Lair:3   | Learned a level 6 spell: Deflect Missiles
 23400 | Lair:3   | Found a hole to the Spider Nest.
 23405 | Lair:3   | Reached skill level 10 in Air Magic
 24146 | Lair:4   | Found a sacrificial altar of Ru.
 25230 | Lair:5   | Identified Sif Muna's Grimoire of Translocation and Good Luck (Sif Muna gifted it to you on level 5 of the Lair of Beasts)
 25230 | Lair:5   | Received a gift from Sif Muna
 25640 | Lair:5   | Reached skill level 1 in Invocations
 25644 | Lair:5   | Noticed an entropy weaver
 25655 | Lair:5   | Killed an entropy weaver
 25948 | Lair:5   | Noticed an entropy weaver
 25967 | Lair:5   | Killed an entropy weaver
 26069 | Lair:5   | Reached XP level 14. HP: 96/96 MP: 0/32
 26385 | Lair:5   | Got a shimmering leather armour
 26480 | Lair:5   | Reached skill level 5 in Invocations
 26576 | Lair:6   | Entered Level 6 of the Lair of Beasts
 27467 | Lair:6   | Noticed braks's ghost (journeyman DrAr)
 27583 | Lair:6   | HP: 2/99 [catoblepas (4)]
 27598 | Lair:6   | Reached skill level 13 in Spellcasting
 27616 | Lair:6   | HP: 4/99 [wolf (7)]
 28448 | Lair:6   | Found a staircase to the Slime Pits.
 28491 | Lair:6   | Killed braks's ghost
 28491 | Lair:6   | Reached skill level 14 in Spellcasting
 28513 | Lair:6   | Identified Sif Muna's Grimoire of Freezing Fire (Sif Muna gifted it to you on level 6 of the Lair of Beasts)
 28513 | Lair:6   | Received a gift from Sif Muna
 28926 | Lair:6   | Reached skill level 15 in Spellcasting
 29296 | Lair:6   | Identified the +4 leather armour of the Harp {rC++} (You found it on level 5 of the Lair of Beasts)
 29667 | Orc:2    | Bought a glowing robe for 129 gold pieces
 29730 | Elf:1    | Entered Level 1 of the Elven Halls
 29735 | Orc:2    | Reached skill level 16 in Spellcasting
 29970 | Elf:1    | Found a magical portal.
 29976 | WizLab   | Entered Cigotuvi's Fleshworks
 29991 | WizLab   | Noticed a brown very ugly thing
 29995 | WizLab   | Learned a level 3 spell: Regeneration
 30048 | WizLab   | Noticed a brown very ugly thing
 30067 | WizLab   | Killed a purple very ugly thing
 30071 | WizLab   | HP: 1/99 [purple ugly thing (10)]
 30473 | WizLab   | Learned a level 4 spell: Force Lance
 30514 | WizLab   | Reached XP level 15. HP: 96/103 MP: 0/37
 30617 | WizLab   | Learned a level 4 spell: Passage of Golubria
 30769 | WizLab   | Noticed Cigotuvi's Monster
 30940 | WizLab   | Demolished by Cigotuvi's Monster

Vault maps used:
D:1:      dpeg_arrival_leaves_temple_mockup
D:2:      dancing_weapons_uskayaw, chequers_ecumenical_altar_simple,
          kennysheep_generic_room_8
D:3:      lemuel_round_altar, nicolae_gozag_seed_capital, bloody_trog,
          uniq_sigmund
D:4:      makhleb_heckhound_becter, nicolae_alphabet_shops,
          hangedman_decor_growths, uniq_pikel
D:5:      kennysheep_little_box, first_ration, serial_shops,
          nicolae_shop_behind_doors, small_statue_alley_b, bh_walls_and_bars
D:6:      corexii_shack_village, minmay_temple_entry_glass, uniq_menkaure
D:7:      gup_ossuary_entry_pyramid, grunt_ministairs_1, vehumet_altar_wand_db,
          uniq_crazy_yiuf_cottage
D:8:      dpeg_lair_monsters
D:9:      grunt_temple_overflow_open, lemuel_blue_sif_altar, hiddenorc2_lemuel,
          the_bakery, uniq_grum
D:10:     roderic_batcave, grunt_ministairs_7
Temple:   minmay_temple_curvy_loop
Lair:2:   uniq_nergalle
Lair:3:   swamp_mist, nicolae_spider_entry_tight_spaces,
          eino_small_chamber_without_monster, serial_bayou_shore_a,
          lemuel_fruit_tree, grunt_megastairs_3
Lair:4:   nicolae_quartered_pool_super, lemuel_centaur_altar,
          lemuel_fruit_fields
Lair:5:   wad_woods_antlair, infiniplex_staircase_pool_2
Lair:6:   evilmike_catoblepas_cave, minmay_slime_entry_pillars
Orc:1:    portal_ice_cave_entry_pillars_1
Orc:2:    grunt_orc_tribal_feast, bh_open_orc_temple
Elf:1:    minmay_elf_arrival_summoners, serial_shops, shop_statue,
          infiniplex_enter_wizlab_water, uniq_nikola, uniq_aizul
Ossuary:  ossuary_minmay_tomb_2a
WizLab:   wizlab_cigotuvi

Skill      XL: |  1  2  3  4  5  6  7  8  9 10 11 12 13 14 15 |
---------------+----------------------------------------------+-----
Conjurations   | 2 3 4 6 10 13 | 13.5
Fighting       | 3 4 6 8 10 11 | 11.0
Spellcasting   | 6 10 12 16 | 16.5
Dodging        | 5 6 8 10 11 | 11.0
Air Magic      | 3 13 | 13.6
Invocations    | 4 8 |  8.1
Translocations | 3 |  3.4
Stealth        | |  2.4
Summonings     | |  1.1

Action                   |  1- 3 |  4- 6 |  7- 9 | 10-12 | 13-15 || total
-------------------------+-------+-------+-------+-------+-------++-------
Melee: Unarmed           |     5 |       |       |       |       ||     5
       Whip              |       |       |   121 |       |       ||   121
       Long sword        |       |       |       |   244 |       ||   244
       Staff             |       |       |       |       |     6 ||     6
 Cast: Magic Dart        |    75 |    86 |   231 |    63 |       ||   455
       Mephitic Cloud    |       |     4 |    10 |    14 |       ||    28
       Conjure Flame     |       |     7 |    48 |    55 |     1 ||   111
       Call Imp          |       |     3 |     6 |     6 |       ||    15
       Blink             |       |     1 |    11 |    12 |     8 ||    32
       Dazzling Spray    |       |     1 |     1 |   535 |    13 ||   550
       Confuse           |       |       |       |     8 |       ||     8
       Lightning Bolt    |       |       |       |     1 |   171 ||   172
       Airstrike         |       |       |       |       |   276 ||   276
       Deflect Missiles  |       |       |       |       |     2 ||     2
       Force Lance       |       |       |       |       |    16 ||    16
Invok: Divine Energy     |       |       |       |     1 |       ||     1
       Channel Magic     |       |       |       |       |     3 ||     3
Evoke: Wand              |       |     2 |    14 |     1 |    21 ||    38
  Use: Scroll            |     4 |       |       |    15 |     7 ||    26
       Potion            |       |       |     6 |     4 |    10 ||    20
 Stab: Confused          |       |       |     2 |     1 |       ||     3
       Invisible         |       |       |       |    12 |       ||    12
  Eat: Chunk             |     2 |     6 |    12 |    38 |    31 ||    89
       Ration            |       |       |     1 |       |     2 ||     3
Armor: Robe              |     2 |       |    34 |    68 |    43 ||   147
Dodge: Dodged            |    11 |     8 |   184 |   521 |   264 ||   988
       Deflected         |       |       |       |       |     5 ||     5
       Rpst.: Long sword |       |       |       |   134 |     1 ||   135

Table legend:
 A = Spawn XP
 B = Non-spawn XP
 C = Spawn XP percentage of total XP
 D = Spawn monster count
 E = Non-spawn monster count
 F = Spawn count percentage of total count
 G = Total turns spent on level
                    A         B        C        D         E        F      G
               +---------+---------+-------+---------+---------+-------+---------
         Total |       0 |  106907 |   0.0 |       0 |     627 |   0.0 | 30940
               +---------+---------+-------+---------+---------+-------+---------
           D:1 |       0 |      17 |   0.0 |       0 |       7 |   0.0 |  1011
           D:2 |       0 |      44 |   0.0 |       0 |      12 |   0.0 |   657
           D:3 |       0 |     285 |   0.0 |       0 |      16 |   0.0 |   916
           D:4 |       0 |     751 |   0.0 |       0 |      10 |   0.0 |  1202
           D:5 |       0 |     796 |   0.0 |       0 |       7 |   0.0 |  1442
           D:6 |       0 |    1474 |   0.0 |       0 |      42 |   0.0 |  1606
           D:7 |       0 |    2492 |   0.0 |       0 |      45 |   0.0 |  1734
           D:8 |       0 |    4690 |   0.0 |       0 |      31 |   0.0 |  2351
           D:9 |       0 |    4126 |   0.0 |       0 |      60 |   0.0 |  2333
          D:10 |       0 |    7490 |   0.0 |       0 |      46 |   0.0 |  1569
        Temple |       0 |       4 |   0.0 |       0 |       2 |   0.0 |   573
        Lair:1 |       0 |    2934 |   0.0 |       0 |      11 |   0.0 |  1035
        Lair:2 |       0 |    3438 |   0.0 |       0 |      16 |   0.0 |  1059
        Lair:3 |       0 |    3772 |   0.0 |       0 |      16 |   0.0 |  1132
        Lair:4 |       0 |    6974 |   0.0 |       0 |      27 |   0.0 |  1466
        Lair:5 |       0 |   12326 |   0.0 |       0 |      43 |   0.0 |  2461
        Lair:6 |       0 |   31484 |   0.0 |       0 |      81 |   0.0 |  1801
         Orc:1 |       0 |    3682 |   0.0 |       0 |      56 |   0.0 |  1135
         Orc:2 |       0 |   12284 |   0.0 |       0 |      65 |   0.0 |  3962
       Ossuary |       0 |     333 |   0.0 |       0 |      16 |   0.0 |   520
        WizLab |       0 |    7511 |   0.0 |       0 |      18 |   0.0 |   964
               +---------+---------+-------+---------+---------+-------+---------
